 Dungeon Crawl Stone Soup version 0.30-a0-672-gc3a7216ad8 (webtiles) character file.

Game seed: 17446803306555954175

60 mrw0lf the Magician (level 4, -12/31 HPs)
             Began as a Djinni Venom Mage on Jan 18, 2023.
             Was an Initiate of Ru.
             Mangled by an ice beast (16 damage)
             ... on level 2 of the Dungeon.
             The game lasted 00:10:16 (2015 turns).

mrw0lf the Magician (Djinni Venom Mage)             Turns: 2015, Time: 00:10:17

Health: -12/31     AC:  2    Str:  7    XL:     4   Next: 24%
Gold:   90         EV: 12    Int: 18    God:    Ru [......] SH:  0 Dex: 14

rFire   + + .      SeeInvis .    m - +4 mace (protect)
rCold   x . .      Faith    .    (no shield)
rNeg    . . .      Spirit   .    a - +0 robe
rPois   ∞          Reflect  .    (no helmet)
rElec   .          Harm     .    (no cloak)
rCorr   .          Rampage  .    (no gloves)
Will    .....                    (boots unavailable)
Stlth   ++                       (no amulet)
HPRegen 0.25/turn                (no ring)
MPRegen 0.00/turn                (no ring)

@: flying
A: sickness immunity, fire resistance 2, cold vulnerability 1, float, innate
caster, HP casting, extra vitality 1
a: Renounce Religion


You were on level 2 of the Dungeon.
You worshipped Ru.
Ru was noncommittal.
You visited 1 branch of the dungeon, and saw 3 of its levels.

You collected 90 gold pieces.

Inventory:

Hand Weapons
 d - a +0 dagger
 l - a +0 short sword
 m - a +4 mace of protection (weapon)
Missiles
 n - 4 poisoned darts
Armour
 a - a +0 robe (worn)
 e - a +0 helmet
Scrolls
 h - a scroll of enchant armour {unknown}
 i - 2 scrolls of identify {unknown}
 j - 2 scrolls of teleportation {unknown}
 o - a scroll of torment {unknown}
Potions
 b - a potion of magic
 c - a potion of cancellation {unknown}
 f - 2 potions of invisibility {unknown}
 g - 2 potions of curing {unknown}
 k - a potion of flight {unknown}
 p - a potion of mutation {unknown}
 q - 3 potions of heal wounds {unknown}
 r - a potion of might {unknown}


   Skills:
 + Level 0.2 Fighting
 - Level 2.1 Dodging
 - Level 1.5 Stealth
 * Level 3.7 Spellcasting


You couldn't memorise any spells.
You knew the following spells:

 Your Spells              Type           Power      Damage    Failure   Level
a - Sting                 Tmut/Pois      64%        1d6       3%          1
b - Poisonous Vapours     Pois/Air       32%        N/A       4%          2
c - Olgreb's Toxic Radia  Pois           16%        N/A       32%         4
d - Sandblast             Erth           32%        2d9       3%          1
x - Mephitic Cloud        Conj/Pois/Air  16%        N/A       10%         3
Your spell library was empty.

Dungeon Overview and Level Annotations

Branches:
Dungeon (3/15)

Altars:
Ru

Annotations:
D:3 Ijyb


Innate Abilities, Weirdness & Mutations

You are immune to sickness and miasma.
You are immune to poison.
Your flesh is very heat resistant. (rF++)
You are vulnerable to cold. (rC-)
You float through the air rather than walking.
You learn spells naturally, not from books.
Your magical power is your life essence.
You have superior vitality. (+4 MHP)


Message History

You hover solemnly before the altar of Ru.
Done exploring.
There is a sacrificial altar of Ru here.
You hover solemnly before the altar of Ru.
You are not religious.
You are not religious.
You hover solemnly before the altar of Ru.
Ru welcomes you!
Done exploring.
Done exploring.
Done exploring.
There is a stone staircase leading down here.
You fly downwards.
There is a stone staircase leading up here.
You fly upwards.
There is a stone staircase leading down here.
There is a stone staircase leading down here.
You fly downwards.
Level annotation: Ijyb The jackal closely misses you.
There is a stone staircase leading up here.
The jackal closely misses you. The ice beast misses you.
The jackal bites you but does no damage.
You fly upwards.
There is a stone staircase leading down here.
Aiming: Sandblast (safe; 3% risk of failure)
Press: ? - help, Q - select action, (/) - cycle Shift-Dir - straight line, f - jackal
Aim: a jackal (77% to hit)
The blast of sand misses the jackal.
The jackal closely misses you. The ice beast hits you.
The ice beast freezes you!!
You feel a terrible chill!
Ouch! That really hurt!
* * * LOW HITPOINT WARNING * * *
The jackal bites you.
* * * LOW HITPOINT WARNING * * *
The ice beast hits you.
* * * LOW HITPOINT WARNING * * *
The ice beast freezes you!
You feel a terrible chill!
Ouch! That really hurt!
You die...

########.####......#
#........... #.## #.#
#....#.###...........
...## #.#
#....................
....####.#
#....................
....)....#
#.......##..###...#..
##########
#.#.....##..# #######
.....# #...........#
# .8.8.#
###h....###.# .....#
####@.#.# #.# ....>#
#..Y..#.###.#########
.....####
#.##................#
.8.8.#..#
#.####...>.....#.##.#
.....##.# #.#
##.######....#.#
#######.# #.# ###
#..#.... #.##.##.#
#.# ##...###
#.##.##.# #†# ##.#...
#.##.##.# #.# #.#.##


You could see an ice beast and a jackal.

Vanquished Creatures
  2 adders
  A dart slug (D:2)
  A giant cockroach (D:1)
  3 goblins
  4 hobgoblins
  7 jackals
  2 quokkas (D:2)
  A ball python (D:2)
  A bat (D:2)
  5 frilled lizards
  8 kobolds
  2 rats (D:2)
37 creatures vanquished.

Notes
Turn   | Place    | Note
-------+----------+-------------------------------------------
     0 | D:1      | mrw0lf the Djinni Venom Mage began the quest for the Orb.
     0 | D:1      | mrw0lf set off with the following spells memorised: Sting,
                  | Poisonous Vapours, Mephitic Cloud, Olgreb's Toxic Radiance.
     0 | D:1      | Reached XP level 1. HP: 15/15 MP: 0/0
   438 | D:1      | Reached XP level 2. HP: 15/21 MP: 0/0
   930 | D:2      | Reached skill level 3 in Spellcasting
  1123 | D:2      | You are sucked into a shaft and drop 1 floor!
  1137 | D:3      | Reached XP level 3. HP: 24/25 MP: 0/0
  1137 | D:3      | Learned a level 1 spell: Sandblast
  1238 | D:3      | Noticed an ice beast
  1635 | D:2      | Reached XP level 4. HP: 24/31 MP: 0/0
  1856 | D:2      | Found a sacrificial altar of Ru.
  1979 | D:2      | Became a worshipper of Ru the Awakened
  2003 | D:3      | Noticed Ijyb
  2015 | D:2      | Mangled by an ice beast

Illustrated notes

Levels and vault maps discovered:
D:1:      matt_arrival_refuge, layout_loops_ring
D:2:      layout_loops_ring, basic_altar, grunt_ministairs_3,
          kennysheep_generic_room_4
D:3:      layout_basic, minmay_misc_feat_secret_circle,
          chequers_serial_rivers_small_a, serial_bayou_pond_b, uniq_ijyb

Skill      XL: |  1  2 |
---------------+-------+-----
Spellcasting   | 3 |  3.7
Fighting       | |  0.2
Dodging        | |  2.1
Stealth        | |  1.5

Action                   |  1- 3 |  4- 6 || total
-------------------------+-------+-------++-------
Melee: Mace              |     2 |       ||     2
 Cast: Sting             |    38 |       ||    38
       Sandblast         |    25 |    10 ||    35
Armor: Robe              |    12 |     1 ||    13
Dodge: Dodged            |    24 |     7 ||    31

Table legend: (Time is in decaauts)
 A = Elapsed time spent in this place.
 B = Non-inter-level travel time spent in this place.
 C = Inter-level travel time spent in this place.
 D = Time resting spent in this place.
 E = Time spent auto-exploring this place.
 F = Levels seen in this place.
 G = Mean time per level.
                   A        B        C        D        E       F      G
               +--------+--------+--------+--------+--------+-----+--------+
         Total |   2034 |   1747 |    287 |    160 |   1225 |   3 |  678.0 |
       Dungeon |   2034 |   1747 |    287 |    160 |   1225 |   3 |  678.0 |
               +--------+--------+--------+--------+--------+-----+--------+

Top non-repeatable levels by time:
     D:2: 1075 daAuts
     D:1: 832 daAuts
     D:3: 127 daAuts
